AoeStats
← Narcanyahu

Coastal Forest

510636911Analyzed
4v4 RM · 1d ago on Oct 1, 2026· 34m 44s· 8 players
Game mode
Random Map
Map size
Large (8 player)
Population
200
Speed
Normal
Resources
Standard
Victory
Conquest
Starting age
Dark Age
Ending age
Imperial Age
RankedLock teamsTeams togetherTeam positionsShared explorationLock speedFull tech treeHidden civsTurbo modeCheats
Victory
Defeat
🇨🇦 Britons · Canada
1060
+15
🇲🇽 Spanish · Mexico
1055
+16
🇨🇱 Danes · Chile
1049
+16
🇨🇱 Aztecs · Chile
995
+18
🇦🇷 Bulgarians · Argentina
1098
-18
🇦🇷 Vietnamese · Argentina
1082
-18
🇦🇷 Goths · Argentina
1079
-18
🇦🇷 Franks · Argentina
917
-11
PlayerNbrOne
7:07 Loom
10:38 Feudal Age
15:29 Castle Age
14:41 Double-Bit Axe
16:44 Bow Saw
19:18 Horse Collar
21:57 Gold Mining
22:17 Heavy Plow
27:47 Imperial Age
25:56 Wheelbarrow
25:49 Fletching
26:00 Padded Archer Armor
27:24 Bodkin Arrow
27:51 Leather Archer Armor
28:39 Ballistics
29:02 Conscription
29:35 Treadmill Crane
30:56 Chemistry
30:07 Bracer
30:37 Ring Archer Armor
31:22 Stone Mining
31:39 Elite Longbowman
Narcanyahu
10:10 Feudal Age
16:20 Castle Age
15:35 Double-Bit Axe
15:34 Horse Collar
16:15 Loom
21:07 Bow Saw
22:37 Wheelbarrow
21:46 Fishing Lines
24:01 Heavy Plow
24:47 Town Watch
26:53 Forging
26:43 Scale Mail Armor
29:35 Iron Casting
29:11 Gold Mining
29:11 Stone Mining
30:10 Chain Mail Armor
30:14 Squires
29:59 Arson
30:00 Gambesons
31:13 Hamask
37:15 Imperial Age
35:02 Hand Cart
35:25 Gold Shaft Mining
Krusskz
12:14 Feudal Age
11:38 Loom
15:52 Castle Age
13:40 Loom
17:47 Double-Bit Axe
19:21 Wheelbarrow
19:04 Bow Saw
20:05 Fervor
20:34 Gold Mining
20:36 Stone Mining
22:59 Hand Cart
27:19 Eagle Warrior
28:00 Squires
27:45 Gambesons
27:46 Arson
30:58 Imperial Age
29:59 Gambesons
29:35 Eagle Warrior
30:16 Squires
30:01 Arson
30:22 Horse Collar
32:03 Conscription
32:27 Garland Wars
33:14 Forging
33:05 Scale Mail Armor
32:43 Elite Eagle Warrior
35:02 Heavy Plow
35:44 Iron Casting
35:25 Chain Mail Armor
MadKitten 77
11:24 Feudal Age
15:25 Castle Age
18:10 Fletching
25:57 Double-Bit Axe
25:57 Horse Collar
29:57 Bodkin Arrow
hoks
11:11 Feudal Age
11:22 Man-at-Arms
12:08 Double-Bit Axe
12:27 Loom
16:44 Castle Age
16:20 Stone Mining
16:49 Scale Mail Armor
17:15 Forging
18:42 Horse Collar
19:40 Fletching
Ragouter
4:49 Loom
8:52 Loom
10:38 Feudal Age
12:02 Horse Collar
12:15 Double-Bit Axe
16:20 Gold Mining
17:16 Wheelbarrow
16:54 Town Watch
20:35 Castle Age
18:51 Fletching
18:58 Fletching
19:08 Padded Archer Armor
19:41 Stone Mining
21:23 Bodkin Arrow
21:43 Leather Archer Armor
21:58 Bow Saw
24:51 Stone Shaft Mining
26:10 Ballistics
27:49 Elite Skirmisher
30:38 Thumb Ring
34:29 Imperial Age
Troy McLure
6:25 Loom
10:46 Feudal Age
11:55 Double-Bit Axe
15:41 Scale Barding Armor
15:48 Forging
21:17 Wheelbarrow
Baldunets
6:35 Loom
9:21 Feudal Age
9:50 Double-Bit Axe
10:06 Horse Collar
11:45 Gold Mining
16:42 Wheelbarrow
19:26 Castle Age
18:19 Forging
18:09 Scale Mail Armor
18:14 Scale Barding Armor
18:00 Fletching
20:39 Stone Mining
21:02 Bow Saw
22:10 Chain Barding Armor
22:25 Iron Casting
22:28 Stone Shaft Mining
21:55 Heavy Plow
23:15 Hand Cart
22:49 Town Watch
24:08 Gold Shaft Mining
28:18 Chain Mail Armor
27:58 Bodkin Arrow
31:14 Murder Holes
35:01 Imperial Age
34:11 Masonry
Connection lost

Rejoining the realm…

Still unreachable

The connection could not be restored.

Session expired

The server has moved on; the page needs a fresh start.